 Dungeon Crawl Stone Soup version 0.26.0-41-g79a4fc7684 (webtiles) character file.

Game seed: 15965469330220742141

104 Banto the Unweaver (level 5, -1/41 HPs)
             Began as a Formicid Abyssal Knight on Jan 26, 2021.
             Was a Follower of Lugonu.
             Killed from afar by an orc wizard (10 damage)
             ... with a puff of frost
             ... on level 3 of the Dungeon.
             The game lasted 00:01:34 (2061 turns).

Banto the Unweaver (Formicid Abyssal Knight)        Turns: 2061, Time: 00:01:35

Health: -1/41      AC: 10    Str: 16    XL:     5   Next: 7%
Magic:  8/8        EV:  4    Int: 12    God:    Lugonu [*.....]
Gold:   102        SH:  0    Dex: 11    Spells: 4/4 levels left

rFire    . . .     SeeInvis +   a - +1 falchion
rCold    . . .     Faith    .   (no shield)
rNeg     . . .     Spirit   .   e - +0 plate armour
rPois    .         Reflect  .   (helmet unavailable)
rElec    .         Harm     .   (no cloak)
rCorr    .         Rampage  .   (no gloves)
Will     .....                  (no boots)
Stlth    ..........             (no amulet)
HPRegen  0.13/turn              (no ring)
MPRegen  0.11/turn              (no ring)

@: no status effects
A: permanent stasis, dig shafts and tunnels, four strong arms, antennae 3
a: Dig, Shaft Self, Renounce Religion, Depart the Abyss


You were on level 3 of the Dungeon.
You worshipped Lugonu.
Lugonu was aware of your devotion.
You visited 1 branch of the dungeon, and saw 3 of its levels.
You visited the Abyss 1 time.

You collected 102 gold pieces.

Inventory:

Hand Weapons
 a - a +1 falchion (weapon)
Armour
 e - a +0 plate armour (worn)
Jewellery
 h - an uncursed ring of positive energy {unknown}
 m - an uncursed ring of stealth {unknown}
Scrolls
 b - a scroll of teleportation {unknown}
 c - 4 scrolls of remove curse {unknown}
 f - 4 scrolls of identify {unknown}
 j - a scroll of magic mapping {unknown}
Potions
 d - a potion of flight {unknown}
 g - a potion of haste {unknown}
 i - 2 potions of heal wounds {unknown}
 k - a potion of mutation {unknown}
 l - a potion of curing {unknown}


   Skills:
 - Level 3.2 Fighting
 + Level 3.6 Long Blades
 - Level 2.1 Armour
 - Level 0.8 Dodging
 + Level 4.3 Invocations


You had 4 spell levels left.
You didn't know any spells.
Your spell library was empty.

Dungeon Overview and Level Annotations

Branches:
Dungeon (3/15)

Altars:
Wu Jian


Innate Abilities, Weirdness & Mutations

You cannot be hasted, slowed, berserked, paralysed or teleported.
You can dig through walls and to a lower floor.
Your four strong arms can wield two-handed weapons with a shield.
You have a pair of large antennae on your head. (SInv)


Message History

The orc wizard seems to speed up.
You see here an orc corpse.
The orc wizard hits you but does no damage. x2
Your plate armour prevents you from hitting the orc wizard.
The orc wizard hits you but does no damage.
You hit the orc wizard.
The orc wizard is lightly wounded.
The orc wizard hits you but does no damage.
The orc wizard gestures at you while chanting.
The puff of flame hits you!
* * * LOW HITPOINT WARNING * * *
The orc wizard hits you but does no damage.
The orc wizard hits you but does no damage. x2
The orc wizard hits you but does no damage.
The orc wizard casts a spell at you. The magic dart hits you.
* * * LOW HITPOINT WARNING * * *
The orc wizard gestures at you while chanting.
The puff of frost hits you!
You die...

.# #.. ####.#
.[#.# # ##.#.#
#.###....#
#.).†....#
#####.o..#
##o#@#
#.#.###########.
#.......<.......
###.###########.
#.########
#.).....[[
##########


You could see an orc wizard (fast).

Vanquished Creatures
  4 adders (D:2)
  A worm (D:2)
  2 dart slugs
  An orc (D:3)
  4 bats
  3 giant cockroaches
  5 goblins
  6 hobgoblins
  3 kobolds (D:1)
  2 quokkas (D:2)
  A ball python (D:2)
  2 frilled lizards (D:1)
  6 rats
40 creatures vanquished.

Vanquished Creatures (others)
  An orc wizard (D:3)
1 creature vanquished.

Grand Total: 41 creatures vanquished

Notes
Turn   | Place    | Note
-------+----------+-------------------------------------------
     0 | Abyss:1  | Banto the Formicid Abyssal Knight began the quest for the
                  | Orb.
     0 | Abyss:1  | Reached XP level 1. HP: 18/18 MP: 2/2
     0 | D:1      | Escaped the Abyss
   263 | D:1      | Reached XP level 2. HP: 24/24 MP: 3/3
   286 | D:1      | Reached * piety under Lugonu
   563 | D:1      | Reached skill level 3 in Invocations
   790 | D:1      | Reached XP level 3. HP: 29/29 MP: 5/5
  1000 | D:2      | Found an ornate altar of the Wu Jian Council.
  1243 | D:2      | Reached XP level 4. HP: 28/35 MP: 6/6
  1450 | D:2      | Found a faded altar of an unknown god.
  1557 | D:2      | Reached skill level 4 in Invocations
  2054 | D:3      | Reached XP level 5. HP: 24/41 MP: 8/8
  2061 | D:3      | Killed from afar by an orc wizard

Illustrated notes

Levels and vault maps discovered:
D:1:      grunt_arrival_crossed_arrows, layout_basic, minmay_misc_feat_doors,
          hangedman_abyss_or_decor_stabs
D:2:      layout_loops_cross, chequers_ecumenical_altar_simple_redux,
          lemuel_tele_altar
D:3:      layout_loops_ring, nicolae_overflow_hidden_temple, uniq_jessica,
          uniq_terence, uniq_crazy_yiuf_cottage

Skill      XL: |  1  2  3  4 |
---------------+-------------+-----
Invocations    | 3 4 |  4.3
Long Blades    | 3 |  3.6
Fighting       | |  3.2
Armour         | |  2.1
Dodging        | |  0.8

Action                   |  1- 3 |  4- 6 || total
-------------------------+-------+-------++-------
Melee: Falchion          |   111 |    51 ||   162
Invok: Depart the Abyss  |     1 |       ||     1
Armor: Leather armour    |     6 |       ||     6
       Plate armour      |    69 |    45 ||   114
Dodge: Dodged            |    30 |    10 ||    40
       Rpst.: Falchion   |    12 |     3 ||    15
